 Dungeon Crawl Stone Soup version 0.22.0-6-g71bd7aa (webtiles) character file.

30 Lew the Shield-Bearer (level 3, 0/23 HPs)
             Began as a Gargoyle Fighter on Aug 14, 2018.
             Slain by a gnoll
             ... wielding a +0 halberd
              (13 damage)
             ... on level 1 of the Dungeon.
             The game lasted 00:01:38 (863 turns).

Lew the Shield-Bearer (Gargoyle Fighter)             Turns: 863, Time: 00:01:39

Health: 0/23       AC: 10    Str: 19    XL:     3   Next: 18%
Magic:  3/3        EV:  7    Int:  8    God:
Gold:   83         SH:  9    Dex: 10    Spells: 2/2 levels left

rFire    . . .     SeeInvis .   a - +0 war axe
rCold    . . .     Gourm    .   c - +0 shield
rNeg     + . .     Faith    .   b - +0 scale mail
rPois    ∞         Spirit   .   (no helmet)
rElec    +         Reflect  .   (no cloak)
rCorr    .         Harm     .   (no gloves)
MR       .....                  (no boots)
Stlth    ..........             (no amulet)
HPRegen  0.07/turn              (no ring)
MPRegen  0.08/turn              (no ring)

@: no status effects
A: negative energy resistance 1, electricity resistance, unbreathing,
petrification resistance, rot immunity, AC +3
a: no special abilities


You were on level 1 of the Dungeon.
You were not hungry.

You visited 1 branch of the dungeon, and saw 2 of its levels.

You collected 83 gold pieces.

Inventory:

Hand Weapons
 a - a +0 war axe (weapon)
Armour
 b - a +0 scale mail (worn)
 c - a +0 shield (worn)
Scrolls
 e - a scroll of enchant weapon {unknown}
 g - a scroll of immolation {unknown}
 h - a scroll of remove curse {unknown}
 i - 2 scrolls of teleportation {unknown}
 m - 3 scrolls of identify {unknown}
 n - a scroll of fear {unknown}
 o - a scroll of amnesia {unknown}
Potions
 d - a potion of might
 j - 2 potions of curing {unknown}
 k - a potion of resistance {unknown}
 l - a potion of mutation {unknown}
 p - a potion of flight {unknown}
Comestibles
 f - 2 rations


   Skills:
 + Level 3.5 Fighting
 - Level 1.7 Axes
 + Level 3.6 Armour
 * Level 1.2 Dodging
 + Level 3.6 Shields


You had 2 spell levels left.
You didn't know any spells.
Your spell library was empty.

Dungeon Overview and Level Annotations

Branches:
Dungeon (2/15)

Altars:


Innate Abilities, Weirdness & Mutations

You are resistant to torment.
Your stone body is resilient. (AC +3)
You are immune to poison.
You resist negative energy. (rN+)
You are resistant to electric shocks. (rElec)
You can survive without breathing.
You are immune to petrification.
You are immune to rotting.


Message History

You climb downwards.
A frilled lizard, a goblin and 4 gnolls come into view.
The frilled lizard hisses angrily.
The gnoll shouts! x3
Found 29 bolts.
Found a stone staircase leading up.
There is a stone staircase leading up here.
The gnoll hits you from afar with a halberd!
You slash the goblin!
You kill the goblin!
You block the gnoll's attack. The gnoll hits you with a halberd.
There is a stone staircase leading up here.
The gnoll hits you from afar with a spear.
You block the gnoll's attack.
You climb upwards.
There is a stone staircase leading down here.
You hit the gnoll.
The gnoll is moderately wounded.
The gnoll completely misses you. The gnoll hits you with a halberd!
Ouch! That really hurt!
You die...

.............# .###########.#
.# #.# .######♣♣♣♣♣.# ######
...##......♣♣##### ###....#
##....#♣P...♣♣...####....P.##
#.....♣P...♣♣##.......P♣...#
##.####♣P♣.♣.♣♣#>##P..♣♣P.#.#
...# #♣♣♣♣.P.#@..P♣♣♣.....#
#### #.#
♣...g.#PP♣P♣...#.##### #.#
♣..♣....♣.P...†....... #.#
#♣♣##..♣P.P###.####### ###
#.#######..PPP.# #.# ..#
#.........#.##.# #.#
#.##########.#####.##.# #.#
#............# #.##.# #.#
.....######..# #.##.# #.# #


You could see a gnoll.

Vanquished Creatures
  A dart slug (D:1)
  A leopard gecko (D:1)
  3 bats (D:1)
  2 giant cockroaches (D:1)
  5 goblins
  3 hobgoblins (D:1)
  2 jackals (D:1)
  2 kobolds (D:1)
  3 rats (D:1)
22 creatures vanquished.

Notes
Turn   | Place    | Note
-------+----------+-------------------------------------------
     0 | D:1      | Lew the Gargoyle Fighter began the quest for the Orb.
     0 | D:1      | Reached XP level 1. HP: 14/14 MP: 1/1
   103 | D:1      | Reached XP level 2. HP: 19/19 MP: 2/2
   262 | D:1      | Reached skill level 1 in Dodging
   538 | D:1      | Reached XP level 3. HP: 23/23 MP: 3/3
   863 | D:1      | Slain by a gnoll

Skill      XL: |  1  2 |
---------------+-------+-----
Dodging        | 1 |  1.2
Fighting       | |  3.5
Axes           | |  1.7
Armour         | |  3.6
Shields        | |  3.6

Action                   || total
-------------------------++-------
Melee: War axe           ||    67
Armor: Scale mail        ||    36
Dodge: Dodged            ||    17
Block: Shield            ||    35
